 Dungeon Crawl Stone Soup version 0.30.1-9-gdf580d7c3d (webtiles) character file.

Game seed: 17804060658542374268

43 boopmooplesden the Twirler (level 3, -5/30 HPs)
             Began as a Minotaur Gladiator on Oct 14, 2023.
             Killed by nerve-wracking pain
             ... invoked by an orc priest
              (14 damage)
             ... on level 3 of the Dungeon.
             The game lasted 00:01:50 (1297 turns).

boopmooplesden the Twirler (Minotaur Gladiator)     Turns: 1297, Time: 00:01:51

Health: -5/30      AC:  4    Str: 20    XL:     3   Next: 37%
Magic:  2/2        EV: 12    Int:  5    God:
Gold:   104        SH:  0    Dex: 11    Spells: 2/2 levels left

rFire   . . .        a - +0 quarterstaff
rCold   . . .        (shield currently unavailable)
rNeg    . . .        b - +0 leather armour
rPois   .            c - +0 hat
rElec   .            (no cloak)
rCorr   .            g - +0 pair of gloves
SInv    .            (no boots)
Will    .....        (no amulet)
Stlth   +            (no ring)
HPRegen 0.25/turn    (no ring)
MPRegen 0.08/turn

%: no passive effects
@: studying Stealth
A: horns 2, retaliatory headbutt
a: no special abilities


You were on level 3 of the Dungeon.
You visited 1 branch of the dungeon, and saw 3 of its levels.

You collected 104 gold pieces.

Inventory:

Hand Weapons
 a - a +0 quarterstaff (weapon)
Missiles
 d - 3 throwing nets (quivered)
 e - a javelin
 f - 5 boomerangs
Armour
 b - a +0 leather armour (worn)
 c - a +0 hat (worn)
 g - a +0 pair of gloves (worn)
Scrolls
 h - a scroll of silence {unknown}
 j - a scroll of vulnerability {unknown}
 m - a scroll of teleportation
 n - a scroll of summoning {unknown}
 o - a scroll of fear {unknown}
Potions
 i - a potion of might {unknown}
 k - a potion of attraction {unknown}
 l - 2 potions of lignification {unknown}


   Skills:
 + Level 2.8 Fighting
 + Level 4.4 Staves
 + Level 2.1 Throwing
 + Level 0.8 Armour
 + Level 3.8 Dodging


You had 2 spell levels left.
You didn't know any spells.
Your spell library was empty.

Dungeon Overview and Level Annotations

Branches:
Dungeon (3/15)

Altars:


Innate Abilities, Weirdness & Mutations

You have a pair of horns on your head.
You reflexively headbutt those who attack you in melee.


Message History

You kill the bat!
You see here a bat corpse.
Found a stone staircase leading up.
There is a stone staircase leading up here.
o - a scroll labelled SYMUPO DINU Done exploring.
Done exploring.
Done exploring.
Done exploring.
Done exploring.
(D) Dungeon
Where to? (? - help)
What level of the Dungeon? (default 1, ? - help)
There is a stone staircase leading down here.
You climb downwards.
There is a stone staircase leading up here.
As you open the door, it creaks loudly!
You hear a shout! x3
An orc comes into view. It is wielding a +0 whip.
An orc priest comes into view.
It is wielding a +0 hand axe. 2 orcs come into view.
The orc shouts!
The orc hits you with a +0 dagger.
The orc priest mumbles some strange prayers to Beogh against you.
Beogh smites you!
There is an open door here.
The orc priest hits you with a +0 hand axe.
You barely miss the orc. The orc hits you but does no damage.
You hit the orc priest but do no damage.
The orc hits you with a +0 war axe.
* * * LOW HITPOINT WARNING * * *
The orc hits you but does no damage. The orc completely misses you.
You furiously retaliate!
You headbutt the orc.
The orc priest hits you but does no damage.
You sock the orc priest!
The orc priest is heavily wounded.
The orc barely misses you. The orc hits you but does no damage.
The orc completely misses you.
The orc priest calls down the wrath of Beogh upon you.
Pain shoots through your body!
You die...

# #.######+##
#.........#
#.........+
#.....oo..#
#.....@o..#
#.#####o######...
#....<.....#
#............
#.........###
...............
###############


You could see an orc priest and 3 orcs.

Vanquished Creatures
  An adder (D:2)
  A dart slug (D:2)
  A ball python (D:1)
  5 endoplasms (D:1)
  2 giant cockroaches
  5 goblins
  3 hobgoblins (D:1)
  2 jackals (D:1)
  3 kobolds
  2 bats
  4 rats (D:1)
29 creatures vanquished.

Notes
Turn   | Place    | Note
-------+----------+-------------------------------------------
     0 | D:1      | boopmooplesden the Minotaur Gladiator began the quest for
                  | the Orb.
     0 | D:1      | Reached XP level 1. HP: 18/18 MP: 0/0
     1 | D:1      | Noticed an electric eel
    76 | D:1      | Reached skill level 4 in Staves
   122 | D:1      | Reached XP level 2. HP: 25/25 MP: 1/1
   647 | D:2      | Reached XP level 3. HP: 28/30 MP: 2/2
  1297 | D:3      | Killed from afar by an orc priest

Illustrated notes

Levels and vault maps discovered:
D:1:      arrival_aquarium_a, layout_rooms, serial_rivers,
          chequers_serial_rivers_small_b, chequers_serial_rivers_micro_e,
          chequers_serial_rivers_room_a, chequers_serial_rivers_micro_a,
          chequers_serial_rivers_room_b
D:2:      layout_loops_cross, minivault_24,
          nicolae_concentric_dashed_squares_mild, minivault_5
D:3:      minmay_door_path, layout_basic,
          mainiacjoe_overflow_concentric_impassable, trog_hazing_becter

Skill      XL: |  1 |
---------------+----+-----
Staves         | 4 |  4.4
Fighting       | |  2.8
Throwing       | |  2.1
Armour         | |  0.8
Dodging        | |  3.8

Action                     || total
---------------------------++-------
  Melee: Quarterstaff      ||    66
         Headbutt          ||     6
    Use: Scroll            ||     1
   Stab: Sleeping          ||     1
 Armour: Leather armour    ||    29
  Dodge: Dodged            ||    46
